AoeStats
← LA RATA

MegaRandom

509909332Analyzed
2v2 RM · 4d ago on Sep 28, 2026· 59m 7s· 4 players
Game mode
Random Map
Map size
Medium (4 player)
Population
200
Speed
Normal
Resources
Standard
Victory
Conquest
Starting age
Dark Age
Ending age
Imperial Age
RankedLock teamsTeams togetherTeam positionsShared explorationLock speedFull tech treeHidden civsTurbo modeCheats
Victory
Defeat
🇩🇪 Persians · Germany
1117
+14
🇩🇪 Japanese · Germany
1113
+14
🇦🇷 Mongols · Argentina
1066
-14
🇦🇷 Franks · Argentina
1063
-14
PanchiTop
7:09 Loom
9:31 Feudal Age
11:58 Double-Bit Axe
19:37 Castle Age
18:39 Scale Barding Armor
19:23 Gold Mining
19:23 Stone Mining
19:52 Forging
21:12 Husbandry
25:54 Wheelbarrow
27:20 Bow Saw
28:16 Gold Shaft Mining
31:20 Pikeman
32:01 Squires
33:24 Iron Casting
32:49 Scale Mail Armor
33:09 Chain Barding Armor
40:19 Imperial Age
38:57 Chain Barding Armor
40:11 Chain Mail Armor
39:49 Arson
40:42 Hand Cart
41:39 Halberdier
42:55 Plate Mail Armor
43:56 Blast Furnace
43:46 Cavalier
47:15 Plate Barding Armor
55:41 Light Cavalry
LA RATA
6:36 Loom
7:36 Loom
10:08 Feudal Age
10:52 Double-Bit Axe
17:08 Wheelbarrow
22:51 Castle Age
30:02 Fletching
30:22 Scale Barding Armor
30:56 Bodkin Arrow
31:21 Bow Saw
33:33 Padded Archer Armor
36:18 Imperial Age
33:51 Gold Mining
38:20 Stone Mining
38:37 Town Watch
40:01 Ballistics
42:22 Hand Cart
45:56 Bracer
46:15 Horse Collar
47:18 Leather Archer Armor
49:03 Chemistry
52:32 Chain Barding Armor
52:15 Husbandry
52:25 Bloodlines
53:01 Heavy Plow
53:43 Elite Mangudai
55:19 Gold Shaft Mining
55:19 Stone Shaft Mining
55:32 Light Cavalry
56:26 Forging
58:02 Iron Casting
57:35 Town Patrol
58:33 Conscription
60:07 Blast Furnace
O815Fuchx
10:58 Feudal Age
10:51 Loom
11:11 Loom
11:02 Man-at-Arms
11:28 Arson
16:40 Double-Bit Axe
26:29 Castle Age
26:23 Scale Barding Armor
26:55 Bloodlines
30:10 Bow Saw
32:01 Thumb Ring
31:18 Elite Skirmisher
32:04 Fletching
32:15 Padded Archer Armor
32:16 Horse Collar
33:30 Bodkin Arrow
33:58 Heavy Plow
34:40 Ballistics
35:29 Wheelbarrow
40:22 Hand Cart
40:11 Husbandry
45:29 Imperial Age
43:17 Leather Archer Armor
45:51 Heavy Cavalry Archer
49:49 Parthian Tactics
50:10 Bracer
51:44 Chemistry
54:59 Ring Archer Armor
Aalfisch
6:52 Loom
11:13 Feudal Age
15:06 Castle Age
13:16 Double-Bit Axe
13:20 Horse Collar
18:17 Scale Barding Armor
18:25 Forging
20:03 Bloodlines
28:26 Wheelbarrow
29:12 Iron Casting
29:17 Husbandry
40:52 Imperial Age
39:35 Chain Barding Armor
42:46 Conscription
43:46 Heavy Camel Rider
44:23 Cavalier
45:51 Plate Barding Armor
52:59 Blast Furnace
53:34 Hand Cart
53:59 Heavy Plow
54:15 Bow Saw
Connection lost

Rejoining the realm…

Still unreachable

The connection could not be restored.

Session expired

The server has moved on; the page needs a fresh start.